Map: Magannatha LE

Players

Fundskerle - Winner!

  • Race: Terran Terran
  • League: Master
  • Spawn Location: 5:00

ManlyManMeat

  • Race: Zerg Zerg
  • League: Master
  • Spawn Location: 11:00

VOD

Have the link to the VOD?

Description

Time

  • Played on: June 18, 2025, 3:44 p.m.
  • Length: 33:02
Show
View Real Time Build Order
Export as new Build Order

Fundskerle Terran - Winner!

Build Orders: 2 Factory, Reaper Expand, Mech 

Get SALT Encoding   

  12  0:00  SCV  
  13  0:12  SCV  
  14  0:18  Supply Depot  
  14  0:24  SCV  
  15  0:40  Barracks, SCV  
  16  0:44  Refinery  
  16  0:52  SCV  
  18  1:04  SCV  
  18  1:16  SCV  
  19  1:28  Reaper  
  19  1:29  Orbital Command  
  20  1:43  Command Center  
  20  1:51  Supply Depot  
  20  1:55  SCV  
  20  2:00  Marine  
  22  2:06  Factory  
  22  2:09  SCV  
  22  2:15  Refinery  
  23  2:18  Marine  
  23  2:21  SCV  
  25  2:33  SCV  
  25  2:36  Marine  
  26  2:45  SCV  
  26  2:46  Factory  
  26  2:50  Factory Tech Lab  
  27  2:55  Marine  
  27  2:56  Orbital Command  
  27  2:57  SCV  
  29  3:02  Bunker  
  29  3:09  Hellion  
  29  3:10  SCV  
  32  3:15  Infernal Pre-Igniter  
  32  3:22  SCV  
  32  3:23  SCV  
  34  3:32  Factory Reactor  
  34  3:33  Hellion  
  36  3:34  SCV  
  36  3:35  SCV  
  36  3:40  Supply Depot  
  38  3:44  Supply Depot  
  38  3:46  SCV  
  39  3:48  SCV  
  39  3:55  Hellion  
  42  3:58  SCV  
  43  4:06  Command Center  
  44  4:11  Hellion  
  44  4:12  Hellion  
  44  4:15  SCV  
  44  4:16  SCV  
  49  4:20  Siege Tank  
  52  4:24  Supply Depot  
  52  4:27  SCV  
  52  4:29  Supply Depot  
  52  4:30  SCV  
  54  4:38  Hellion x2  
  58  4:39  SCV  
  59  4:46  SCV  
  60  4:56  Command Center, SCV  
  55  5:10  Hellion, Siege Tank  
  55  5:11  Hellion, SCV  
  55  5:12  SCV  
  60  5:16  Refinery  
  60  5:17  Refinery  
  60  5:20  Orbital Command  
  60  5:23  SCV  
  60  5:24  SCV  
  62  5:35  Barracks Tech Lab, SCV  
  62  5:36  SCV  
  62  5:37  Orbital Command  
  62  5:38  Factory  
  62  5:42  Refinery  
  64  5:43  Hellion, Siege Tank  
  64  5:46  Refinery  
  64  5:48  SCV x2  
  71  5:51  Engineering Bay  
  71  6:00  SCV x2  
  67  6:13  Hellion x2, SCV  
  67  6:14  SCV  
  67  6:15  Siege Tank  
  74  6:24  Factory x2  
  74  6:28  SCV x2  
  74  6:29  Barracks x2  
  74  6:32  Barracks  
  76  6:33  Planetary Fortress  
  76  6:37  Missile Turret  
  76  6:38  SCV  
  77  6:40  SCV  
  77  6:42  Hellion x2  
  77  6:45  SCV  
  83  6:49  Supply Depot  
  83  6:50  SCV  
  83  6:52  SCV  
  83  6:53  Factory Tech Lab  
  85  6:57  SCV, Siege Tank  
  89  7:02  SCV  
  89  7:03  Refinery  
  89  7:04  Refinery, SCV  
  89  7:05  Missile Turret  
  89  7:06  Missile Turret  
  91  7:09  SCV  
  91  7:10  Factory Tech Lab x2  
  91  7:13  Hellion  
  91  7:14  Missile Turret, SCV, Hellion  
  98  7:15  SCV  
  98  7:18  SCV  
  98  7:21  SCV  
  100  7:26  SCV  
  100  7:29  Barracks Tech Lab x3  
  101  7:33  SCV x2  
  101  7:34  SCV  
  101  7:35  Ghost Academy  
  104  7:37  Siege Tank  
  104  7:38  Siege Tank x2  
  109  7:57  Hellion x2, Siege Tank  
  110  8:02  Command Center, SCV x2  
  113  8:05  SCV  
  113  8:07  Command Center, Ghost  
  116  8:21  Ghost  
  116  8:22  Ghost, Supply Depot  
  116  8:23  Supply Depot  
  116  8:26  Supply Depot x3  
  122  8:28  SCV  
  123  8:43  Ghost  
  123  8:44  Hellion x2, Ghost  
  123  8:46  Armory  
  123  8:48  Armory  
  133  8:50  Ghost  
  133  8:51  Armory  
  133  8:53  Engineering Bay  
  103  9:06  Siege Tank  
  103  9:07  Hellion x2, Siege Tank  
  103  9:08  Hellion x2  
  94  9:21  Orbital Command  
  94  9:29  Siege Tank x2  
  94  9:30  SCV x2  
  100  9:35  Hellion  
  100  9:36  Hellion, Ghost x4  
  116  9:40  Terran Infantry Weapons Level 1  
  116  9:41  Terran Infantry Armor Level 1, Personal Cloaking  
  116  9:45  SCV  
  116  9:46  SCV x2  
  116  9:48  SCV  
  120  9:58  SCV x3  
  122  10:11  Command Center, Siege Tank x3  
  131  10:22  SCV  
  131  10:23  Command Center  
  131  10:28  SCV  
  133  10:29  SCV  
  135  10:35  SCV  
  135  10:37  Siege Tank  
  135  10:39  Widow Mine x2  
  142  10:43  Refinery, Missile Turret  
  142  10:48  Siege Tank  
  142  10:49  Siege Tank  
  148  11:00  Supply Depot x3  
  148  11:18  Siege Tank  
  148  11:24  Hellion, Ghost, Siege Tank  
  148  11:25  Hellion, Ghost  
  156  11:38  Siege Tank  
  157  11:43  Orbital Command  
  147  11:48  Command Center  
  147  11:51  Widow Mine x2  
  151  11:58  Terran Vehicle Weapons Level 1  
  151  11:59  Command Center, Terran Vehicle And Ship Armor Level 1  
  151  12:01  Planetary Fortress  
  151  12:08  Orbital Command  
  143  12:33  SCV  
  143  12:34  SCV x3  
  147  12:42  Terran Infantry Weapons Level 2  
  147  12:43  Neosteel Armor  
  147  12:45  Terran Ship Weapons Level 1, SCV  
  147  12:46  SCV x3  
  151  12:53  Starport  
  151  12:54  Starport  
  151  12:56  Starport  
  151  12:58  Starport  
  151  12:59  Starport  
  151  13:11  SCV  
  151  13:12  SCV x5  
  157  13:21  Command Center  
  157  13:23  Command Center  
  157  13:24  Missile Turret, Refinery  
  157  13:25  Refinery  
  157  13:26  Missile Turret  
  157  13:37  Starport Reactor x2  
  157  13:38  Starport Reactor x2  
  157  13:43  Starport Reactor  
  157  13:45  Missile Turret x2  
  157  13:46  Missile Turret  
  157  13:48  Planetary Fortress  
  157  14:00  SCV  
  158  14:03  Command Center  
  158  14:04  Command Center  
  158  14:08  Missile Turret  
  158  14:14  Ghost x4  
  170  14:23  Fusion Core, Viking x4  
  178  14:25  Missile Turret  
  178  14:27  Missile Turret  
  178  14:28  Nuke  
  178  14:34  Planetary Fortress  
  178  14:35  Orbital Command  
  177  14:57  Hellion x5  
  177  14:58  Hellion  
  189  15:13  Command Center, Terran Ship Weapons Level 2, Terran Vehicle And Ship Armor Level 2, Terran Vehicle Weapons Level 2  
  189  15:14  Viking  
  189  15:15  Viking x4  
  189  15:20  Planetary Fortress  
  199  15:31  Refinery  
  199  15:46  Refinery, Missile Turret  
  199  16:30  Missile Turret  
  199  16:31  Missile Turret  
  199  16:33  Missile Turret  
  191  16:41  Planetary Fortress  
  191  16:47  Bunker  
  191  16:48  Bunker  
  191  16:51  Terran Infantry Armor Level 2, Terran Infantry Weapons Level 3  
  191  17:08  Advanced Ballistics  
  191  17:12  Command Center  
  191  17:13  Command Center  
  134  18:43  Command Center  
  134  18:44  Ghost x4  
  134  18:45  Medivac  
  134  18:47  Liberator x4  
  134  18:48  Command Center, Siege Tank x2  
  160  18:49  Siege Tank x2  
  160  18:50  Widow Mine x2  
  176  19:07  Hi-Sec Auto Tracking  
  175  19:16  Planetary Fortress x2  
  175  19:35  Command Center  
  175  19:36  Command Center  
  167  20:07  Ghost x4  
  167  20:08  Command Center  
  167  20:10  Siege Tank x2  
  185  20:27  Refinery  
  185  20:35  Ghost  
  185  20:36  Missile Turret  
  188  20:43  Refinery  
  188  20:44  Refinery, Bunker  
  188  20:46  Missile Turret  
  188  20:47  Refinery  
  188  20:49  Viking  
  190  20:50  Missile Turret  
  190  21:01  Missile Turret  
  190  21:04  Missile Turret  
  190  21:06  Missile Turret  
  160  21:58  Planetary Fortress  
  160  22:12  Refinery  
  160  22:14  Missile Turret  
  153  22:38  SCV x3  
  153  22:39  SCV x2  
  153  22:41  Planetary Fortress  
  158  22:45  Liberator  
  158  22:46  Liberator x3  
  158  22:49  Orbital Command  
  170  23:08  Command Center  
  166  23:47  SCV x4  
  170  23:59  Terran Infantry Armor Level 3  
  170  24:01  Terran Vehicle And Ship Armor Level 3  
  170  24:03  Terran Vehicle Weapons Level 3  
  170  24:25  Planetary Fortress  
  170  24:27  Missile Turret  
  170  25:03  SCV x2  
  170  25:04  SCV  
  173  25:49  Hellion x5  
  185  25:50  Hellion  
  183  28:24  Hellion x4  
  183  28:25  Hellion x2  
  168  30:05  Ghost x4  
  170  30:22  Liberator x5  
  170  30:24  Liberator x2  
  170  30:27  Medivac  
  193  30:30  Hellion x2  
  193  30:31  Hellion  
  199  30:49  Refinery  
  195  31:10  Missile Turret  
Show
View Real Time Build Order
Export as new Build Order

ManlyManMeat Zerg 

Build Orders: Hatch First 

Get SALT Encoding   

  12  0:00  Drone  
  13  0:13  Overlord  
  13  0:18  Drone  
  14  0:31  Drone x2  
  14  0:35  Drone  
  17  0:50  Hatchery  
  17  0:57  Drone  
  17  1:07  Drone  
  18  1:13  Spawning Pool  
  18  1:14  Extractor  
  16  1:20  Drone  
  17  1:29  Drone  
  18  1:39  Drone  
  19  1:50  Drone  
  20  2:00  Queen  
  22  2:02  Overlord  
  22  2:03  Queen  
  22  2:06  Zergling x2  
  25  2:12  Zergling x2  
  26  2:17  Drone  
  26  2:22  Metabolic Boost  
  27  2:30  Overlord  
  26  2:41  Drone x2  
  26  2:42  Drone  
  29  2:47  Drone x2  
  31  2:56  Queen  
  33  3:10  Hatchery  
  32  3:22  Drone  
  32  3:23  Drone x5  
  38  3:39  Overlord  
  38  3:42  Overlord  
  38  3:49  Baneling Nest  
  38  3:54  Extractor  
  36  4:04  Drone x4  
  36  4:05  Drone x2  
  42  4:10  Lair  
  42  4:15  Overlord x2  
  43  4:24  Drone x4  
  43  4:29  Drone x2  
  43  4:30  Drone  
  49  4:35  Zergling x12  
  55  4:39  Queen  
  55  4:42  Queen  
  53  5:07  Drone  
  53  5:08  Drone x3  
  53  5:09  Drone x2  
  57  5:16  Overlord x2  
  57  5:25  Drone x3  
  60  5:29  Centrifugal Hooks  
  60  5:30  Evolution Chamber  
  60  5:32  Drone, Evolution Chamber  
  60  5:33  Drone x2  
  60  5:34  Drone  
  60  5:35  Hatchery  
  61  5:37  Hatchery  
  60  5:54  Zergling x28  
  74  6:09  Drone x2  
  74  6:10  Drone  
  73  6:17  Zerg Melee Weapons Level 1  
  73  6:18  Zerg Ground Armor Level 1  
  72  6:20  Drone  
  72  6:21  Drone x2  
  75  6:27  Zergling x2  
  75  6:28  Zergling x10  
  75  6:30  Overlord  
  75  6:31  Overlord  
  75  6:32  Overlord  
  81  6:47  Overlord x3  
  81  6:53  Overseer x2  
  81  6:54  Overlord x2  
  81  6:57  Pneumatized Carapace  
  81  7:00  Baneling x6  
  81  7:01  Baneling x2  
  81  7:02  Zergling x4  
  81  7:03  Zergling x18  
  92  7:26  Zergling x38  
  98  8:00  Zergling x36  
  98  8:01  Zergling x6  
  98  8:04  Baneling x17  
  119  8:29  Hatchery  
  118  8:38  Hatchery  
  118  8:39  Zergling x2  
  118  8:40  Zergling x30  
  103  8:57  Zergling x2  
  103  8:58  Zergling x22  
  103  9:02  Zergling x6  
  76  9:26  Baneling x3  
  76  9:27  Baneling x6  
  76  9:28  Baneling x5  
  76  9:34  Zergling x2  
  76  9:35  Zergling x28  
  91  9:51  Drone x10  
  81  10:11  Drone  
  81  10:12  Drone x2  
  96  10:17  Zergling x2  
  96  10:18  Zergling x32  
  96  10:21  Overseer x2  
  101  10:30  Drone x8  
  101  10:35  Drone x3, Extractor  
  111  10:36  Drone, Extractor  
  111  10:37  Drone x2  
  111  10:39  Baneling  
  111  10:41  Baneling x2  
  111  10:42  Baneling x2  
  113  11:03  Drone x3  
  113  11:04  Drone  
  91  11:21  Zergling x2  
  91  11:22  Zergling x56  
  109  11:30  Drone x4  
  95  11:46  Zerg Melee Weapons Level 2, Zerg Ground Armor Level 2  
  95  11:48  Infestation Pit  
  95  11:50  Baneling x9  
  94  12:02  Drone x3  
  94  12:03  Drone x6  
  94  12:04  Drone x4  
  76  12:30  Zergling x6  
  76  12:31  Zergling x34  
  76  12:32  Overlord x3  
  96  12:42  Hive  
  96  12:47  Infestation Pit  
  95  12:58  Overlord x4  
  95  12:59  Overlord  
  95  13:16  Drone x2, Extractor  
  95  13:17  Drone x2, Extractor  
  95  13:18  Drone x2  
  99  13:21  Drone x3, Extractor x2  
  99  13:22  Drone  
  99  13:23  Drone x2  
  103  13:30  Zergling x8  
  103  13:31  Zergling x20  
  117  13:41  Overseer x3  
  117  13:56  Ultralisk Cavern  
  117  13:57  Ultralisk Cavern  
  117  13:59  Adrenal Glands  
  115  14:06  Drone x3, Extractor  
  115  14:07  Drone x2  
  115  14:08  Drone, Extractor  
  119  14:15  Zerg Melee Weapons Level 3  
  119  14:16  Zerg Ground Armor Level 3  
  119  14:19  Zergling x46  
  139  14:46  Ultralisk x5  
  169  14:59  Ultralisk  
  175  15:06  Overseer  
  175  15:07  Overseer  
  175  15:15  Nydus Network  
  175  15:17  Ultralisk  
  175  15:19  Ultralisk  
  186  15:27  Ultralisk  
  186  15:28  Zergling x14  
  199  15:56  Nydus Canal  
  199  16:18  Anabolic Synthesis, Chitinous Plating  
  199  17:07  Nydus Canal  
  195  17:28  Ultralisk x2  
  193  17:32  Drone  
  193  17:33  Drone x6  
  190  17:58  Ultralisk  
  164  18:13  Ultralisk x3  
  181  18:23  Overlord x6  
  148  18:33  Ultralisk x2  
  148  18:34  Ultralisk x6  
  161  18:35  Overlord x3  
  155  18:43  Ultralisk x5  
  155  18:44  Ultralisk x2  
  155  18:46  Zergling x4  
  181  19:57  Hydralisk Den  
  131  20:07  Ultralisk x6  
  131  20:09  Zergling x26  
  131  20:10  Zergling x50  
  199  20:39  Hatchery  
  198  20:44  Hatchery  
  173  22:02  Spire  
  173  22:03  Spire  
  171  22:08  Drone x2  
  171  22:09  Drone x5  
  132  22:36  Hydralisk x10  
  132  22:37  Hydralisk x21  
  183  22:44  Drone x3  
  183  22:46  Drone  
  186  22:54  Drone x4  
  186  22:57  Overseer  
  190  22:58  Overseer  
  189  23:29  Drone x3  
  189  23:30  Drone x2  
  189  23:32  Drone x2  
  189  23:33  Drone x3  
  199  23:37  Greater Spire, Zerg Flyer Weapons Level 1  
  199  23:39  Zerg Missile Weapons Level 1  
  199  24:03  Hatchery, Extractor  
  199  24:06  Extractor  
  196  24:29  Overseer x3  
  196  24:30  Overlord x3  
  192  25:05  Nydus Canal  
  192  25:10  Corruptor x3  
  174  25:34  Zerg Missile Weapons Level 2  
  168  25:36  Zerg Flyer Armor Level 1, Zerg Flyer Weapons Level 2  
  168  26:00  Drone x2  
  168  26:01  Drone x4  
  174  26:22  Neural Parasite  
  174  26:24  Grooved Spines  
  157  27:05  Roach Warren  
  143  27:14  Drone x3  
  140  27:24  Drone  
  140  27:25  Drone x5  
  133  27:38  Nydus Canal  
  119  27:58  Swarm Host x20  
  179  28:09  Drone x4  
  179  28:10  Drone x3  
  179  28:11  Drone x2  
  179  28:12  Drone  
  189  28:17  Muscular Augments  
  189  28:18  Zerg Missile Weapons Level 3  
  189  28:42  Zerg Flyer Armor Level 2, Zerg Flyer Weapons Level 3  
  189  28:45  Drone x2  
  189  28:46  Drone  
  181  29:27  Hydralisk x2  
  181  29:28  Hydralisk x7  
  185  29:48  Drone x4  
  185  29:49  Drone x5  
  151  30:14  Roach x9  
  151  30:15  Roach x3  
  151  30:20  Drone  
  176  30:22  Drone  
  177  30:30  Burrow  
  169  31:01  Corruptor x6  
  181  31:23  Drone  
  181  31:24  Drone x4  
  186  31:28  Drone x4  
  186  31:29  Drone  
  158  31:54  Drone x2  
  158  31:55  Drone x4  
  161  32:21  Zergling x2  
  161  32:22  Zergling x66  
  195  32:23  Zergling x6  
Tags
 
Add a new tag
Caveats
  • Supply blocks, unpowered buildings, or Contaminate may cause inaccurate times.
  • Supply counts are checked every 10 seconds.